 Dungeon Crawl Stone Soup version 0.32-a0-540-g866d13106e (webtiles) character file.

Game seed: 2496428872272193880

6973 dialectric the Protected (level 11, -11/77 HPs)
             Began as a Coglin Shapeshifter on Feb 28, 2024.
             Mangled by an orc warrior
             ... wielding a +0 scimitar of distortion
              (19 damage)
             ... on level 9 of the Dungeon.
             The game lasted 00:12:55 (9054 turns).

dialectric the Protected (Coglin Shapeshifter)      Turns: 9054, Time: 00:12:55

Health: -11/77     AC:  6    Str: 17    XL:     11   Next: 8%
Magic:  11/11      EV: 15    Int:  9    God:
Gold:   376        SH:  5    Dex: 16    Spells: 6/10 levels left

rFire   . . .        p - +2 dagger (venom) {Ujjalroop}
rCold   + . .        t - +0 dagger (protect) {Lucía}
rNeg    . . .        n - +0 ring mail of the Eleven Wishes {rElec rC+}
rPois   .            (helmet currently unavailable)
rElec   +            (cloak currently unavailable)
rCorr   .            (gloves currently unavailable)
SInv    .            (boots currently unavailable)
Will    .....        q - amulet of reflection
Stlth   +            (ring unavailable)
HPRegen 0.32/turn    (ring unavailable)
MPRegen 0.12/turn

%: reflection
@: lethally poisoned (-11 -> -34), beast-form, slowed, revving, very slow
A: beast (slay +4), off-hand wielding, slow wielding, warmup strikes, no rings
a: Begin Untransformation


You were on level 9 of the Dungeon.
You were a hulking beast.
You visited 1 branch of the dungeon, and saw 10 of its levels.

You collected 546 gold pieces.
You spent 170 gold pieces at shops.

Inventory:

Hand Weapons
 h - a +0 short sword {Oskar}
 p - a +2 dagger of venom (weapon) {Ujjalroop}
 t - a +0 dagger of protection (offhand) {Lucía}
 y - the +5 falchion "Tixtuts" {flame, +Blink}
   (You found it on level 4 of the Dungeon)

   +Blink:    It lets you blink.
Missiles
 z - 2 throwing nets
 J - 24 poisoned darts (quivered)
Armour
 n - the +0 ring mail of the Eleven Wishes (worn) {rElec rC+}
   (You found it on level 2 of the Dungeon)

   rC+:       It protects you from cold.
   rElec:     It insulates you from electricity.
 o - the +3 hat of Pondering {ponderous, Will+ MP+10 Int+5}
   (You took it off Gastronok on level 8 of the Dungeon)

   Int+5:     It affects your intelligence (+5).
   Will+:     It increases your willpower.
   MP+10:     It affects your magic capacity (+10).
 s - a +1 pair of gloves
 Q - +0 steam dragon scales
Jewellery
 q - an amulet of reflection (around neck)
 N - a ring of protection from cold
 P - a ring of fire
Talismans
 c - a beast talisman (active)
 d - a flux talisman
Wands
 A - a wand of flame (7)
 L - a wand of charming (7)
 O - a wand of digging (8)
Scrolls
 f - 2 scrolls of revelation
 i - 2 scrolls of vulnerability {unknown}
 j - a scroll of poison {unknown}
 k - 4 scrolls of immolation
 w - 2 scrolls of amnesia {unknown}
 B - 2 scrolls of teleportation
 C - 2 scrolls of fog {unknown}
 D - a scroll of fear {unknown}
 E - 2 scrolls of butterflies
 G - 2 scrolls of noise
 H - a scroll of enchant weapon
 I - a scroll of enchant armour
Potions
 a - 2 potions of magic
 b - a potion of mutation {unknown}
 e - 2 potions of haste
 g - 3 potions of attraction
 l - a potion of might
 m - 2 potions of cancellation
 r - a potion of heal wounds
 u - 2 potions of ambrosia
 v - a potion of curing
 x - 2 potions of enlightenment
 F - a potion of lignification
 K - 2 potions of resistance


   Skills:
 + Level 4.3 Fighting
 - Level 6.1 Short Blades
 - Level 8.0 Armour
 + Level 7.9 Dodging
 - Level 3.0 Unarmed Combat
 + Level 7.3 Shapeshifting


You had 6 spell levels left.
You knew the following spells:

 Your Spells              Type           Power      Damage    Failure   Level
a - Animate Dead          Necr           0%         N/A       100%        4

Your spell library contained the following spells:

 Spells                   Type           Power      Damage    Failure   Level
 Apportation              Tloc           0%         N/A       56%         1
 Necrotise                Necr           0%         1d4       56%         1
 Shock                    Conj/Air       0%         1d3       56%         1
 Sting                    Conj/Alch      0%         1d3       56%         1
 Summon Small Mammal      Summ           0%         N/A       56%         1
 Swiftness                Air            0%         N/A       90%         3
 Vampiric Draining        Necr           0%         2d6       90%         3
 Airstrike                Air            0%         2d(0-16)  100%        4
 Ignite Poison            Fire/Alch      0%         N/A       100%        4
 Martyr's Knell           Necr/Summ      0%         N/A       100%        4
 Sticky Flame             Fire/Alch      0%         2d4       100%        4
 Curse of Agony           Necr           0%         N/A       100%        5
 Haunt                    Necr/Summ      0%         N/A       100%        7
 Ignition                 Fire           0%         3d3       100%        8
 Infestation              Necr           0%         N/A       100%        8


Dungeon Overview and Level Annotations

Branches:
Dungeon (10/15)
 Temple: D:4-7         Lair: D:8-11         Orc: D:9-12

Altars:
Zin

Shops:
D:6 *   D:7 ?

Portals:
Abyss: D:10

Annotations:
D:10 2 transporters, zenocrate's ghost, journeyman MiFi


Innate Abilities, Weirdness & Mutations

You are a hulking beast.
Your limbs bulge with bestial killing power. (Slay +4)
You can wield a second weapon in your off-hand.
It takes a long time for you to wield or remove held weapons.
Your first few attacks do less damage.
Your grasper-arms cannot wear rings.


Message History

The orc warrior barely misses you. Something hits you but does no damage.
You are more poisoned.
You block the orc warrior's attack.
Okay, then.
Aiming: Charm
Press: ? - help, Shift-Dir - straight line, f - orc warrior
Aim: an orc warrior, wielding a +0 scimitar of distortion and wearing a +0 plate armour (lightly wounded, chance to affect: 49%)
The orc warrior resists with some effort.
You feel extremely sick. Something hits you.
You are more poisoned.
The orc warrior hits you with a +0 scimitar of distortion!
You blink.
Unknown command.
Aiming: Charm
Press: ? - help, Shift-Dir - straight line, f/p - orc warrior
Aim: an orc warrior, wielding a +0 scimitar of distortion and wearing a +0 plate armour (lightly wounded, chance to affect: 49%)
The orc warrior resists with some effort.
You feel extremely sick.
Unknown command.
Unknown command.
Aiming: Charm
Press: ? - help, Shift-Dir - straight line, f/p - orc warrior
Aim: an orc warrior, wielding a +0 scimitar of distortion and wearing a +0 plate armour (lightly wounded, chance to affect: 49%)
The orc warrior resists with some effort.
You feel extremely sick. The orc warrior misses you.
Unknown command.
Aiming: Charm
Press: ? - help, Shift-Dir - straight line, f/p - orc warrior
Aim: an orc warrior, wielding a +0 scimitar of distortion and wearing a +0 plate armour (lightly wounded, chance to affect: 49%)
The orc warrior resists with some effort.
You feel very sick. Something hits you.
* * * LOW HITPOINT WARNING * * *
You are lethally poisoned!
The orc warrior hits you with a +0 scimitar of distortion.
* * * LOW HITPOINT WARNING * * *
Space warps horribly around you!!
You die...

.....................
..........###....####
..........##########
...................#
..............>....# #
.......##..........##.#
.......##.............#
..#....##..........####
..####.........#h###
..# .........{o# ..#
.....P......#### ..#
..ß............#.#. ..#
........ß.)....... ..#
....ß......#..#.## ...
...........#.## ..
...∩ßß.P...#..
..P......# #.


You could see an orc warrior.

Vanquished Creatures
  Gastronok (D:8)
  2 two-headed ogres
  2 centaur skeletons (D:9)
  A redback zombie (D:9)
  2 trolls (D:10)
  A merfolk (D:10)
  2 wraiths
  2 wyverns
  A steam dragon (D:10)
  A sky beast (D:6)
  2 ice beasts (D:6)
  3 centaurs
  2 kobold brigands
  6 bullfrogs
  A scorpion (D:6)
  6 wights (D:8)
  21 killer bees
  2 bombardier beetles
  A crimson imp (D:10)
  2 hounds
  An orc priest (D:9)
  2 jellies
  2 gnoll boudas
  A sleepcap (D:6)
  3 iguanas
  9 gnolls
  4 adders
  3 shadow imps
  A dart slug (D:4)
  A ribbon worm (D:4)
  10 orcs
  2 ball pythons (D:1)
  6 bats
  7 endoplasms
  13 hobgoblins
  16 kobolds
  A quokka (D:4)
  5 frilled lizards
  10 goblins
  5 rats
163 creatures vanquished.

Vanquished Creatures (collateral kills)
  A kobold brigand (D:8)
  2 gnolls (D:8)
  7 kobolds (D:8)
10 creatures vanquished.

Vanquished Creatures (others)
  A killer bee (D:10)
1 creature vanquished.

Grand Total: 174 creatures vanquished

Notes
Turn   | Place    | Note
-------+----------+-------------------------------------------
     0 | D:1      | dialectric the Coglin Shapeshifter began the quest for the
                  | Orb.
     0 | D:1      | Reached XP level 1. HP: 15/15 MP: 1/1
   137 | D:1      | Reached XP level 2. HP: 21/21 MP: 2/2
   588 | D:1      | Reached XP level 3. HP: 26/26 MP: 3/3
   982 | D:2      | Identified the +0 ring mail of the Eleven Wishes {rElec
                  | rC+}
  1351 | D:2      | Reached XP level 4. HP: 22/33 MP: 4/4
  2634 | D:4      | Identified the +5 falchion "Tixtuts" {flame, +Blink}
  2831 | D:4      | Reached XP level 5. HP: 39/39 MP: 5/5
  3278 | D:5      | Entered Level 5 of the Dungeon
  3439 | D:5      | Reached skill level 1 in Armour
  3446 | D:5      | Reached skill level 1 in Short Blades
  3561 | D:5      | Reached XP level 6. HP: 40/47 MP: 6/6
  3830 | D:6      | Noticed an ice beast
  3849 | D:6      | Killed an ice beast
  3850 | D:6      | Reached XP level 7. HP: 54/54 MP: 7/7
  3977 | D:6      | Reached skill level 2 in Armour
  4227 | D:6      | Found Ryc Vehurph's Assorted Antiques.
  4230 | D:6      | Bought a scroll labelled IRYNUNK GEEDA for 23 gold pieces
  4435 | D:7      | Noticed a wraith
  4559 | D:7      | Found Loseolo's Magic Scroll Shop.
  4562 | D:7      | Bought a scroll of teleportation for 42 gold pieces
  4562 | D:7      | Bought a scroll of enchant weapon for 105 gold pieces
  4724 | D:7      | Killed a wraith
  4725 | D:7      | Reached XP level 8. HP: 35/60 MP: 8/8
  4843 | D:6      | Reached skill level 3 in Armour
  4843 | D:6      | Reached skill level 5 in Dodging
  5136 | D:7      | Found a glowing silver altar of Zin.
  5137 | D:7      | Noticed an angel
  5269 | D:8      | Noticed a two-headed ogre
  5319 | D:8      | Killed a two-headed ogre
  5636 | D:8      | Reached XP level 9. HP: 40/64 MP: 9/9
  5644 | D:8      | Reached skill level 4 in Armour
  5874 | D:8      | Noticed Gastronok
  5883 | D:8      | Reached skill level 5 in Shapeshifting
  5897 | D:8      | Killed Gastronok
  5898 | D:8      | Reached skill level 5 in Armour
  6365 | D:8      | Reached skill level 6 in Armour
  6480 | D:8      | Reached skill level 5 in Short Blades
  6480 | D:8      | Reached XP level 10. HP: 61/71 MP: 10/10
  7102 | D:9      | Noticed a two-headed ogre
  7112 | D:10     | Entered Level 10 of the Dungeon
  7115 | D:10     | Found a transporter.
  7117 | D:10     | Found a transporter.
  7526 | D:10     | Noticed a worldbinder
  7544 | D:10     | Reached skill level 7 in Armour
  7800 | D:10     | Noticed a toenail golem
  7812 | D:10     | Found a one-way gate to the infinite horrors of the Abyss.
  7812 | D:10     | Noticed zenocrate's ghost (journeyman MiFi)
  7838 | D:10     | Noticed an arcanist
  7854 | D:10     | Killed a two-headed ogre
  8497 | D:10     | Learned a level 4 spell: Animate Dead
  8932 | D:9      | Reached XP level 11. HP: 44/77 MP: 11/11
  8942 | D:9      | Reached skill level 8 in Armour
  9054 | D:9      | Mangled by an orc warrior

Illustrated notes

Levels and vault maps discovered:
D:1:      dpeg_arrival_chambers_temple_mockup, layout_basic
D:2:      layout_basic, serial_forest, infiniplex_forest_lined_corner,
          infiniplex_forest_clump_cross, infiniplex_forest_lined_room_3,
          infiniplex_forest_lined_2, infiniplex_forest_clump_C,
          infiniplex_forest_clump_curved, infiniplex_forest_lined_3_way
D:3:      layout_rooms, shapermc_ecumenical_altar_acropolis,
          uniq_crazy_yiuf_cottage, uniq_sigmund
D:4:      corexii_shantytown, layout_basic
D:5:      layout_layer_cave, lemuel_temple_firewalk_a
D:6:      layout_rooms, serial_shops, nicolae_shop_behind_doors
D:7:      layout_rooms, zin_angel, serial_shops, nicolae_shop_rolled_up
D:8:      layout_basic, grunt_ministairs_4, uniq_gastronok
D:9:      cheibrodos_grave_circle, layout_basic
D:10:     layout_irregular_city, gammafunk_ghost_abyssal_escape,
          hangedman_stone_soup

Skill      XL: |  1  2  3  4  5  6  7  8  9 10 11 |
---------------+----------------------------------+-----
Dodging        | 2 3 4 6 7 |  7.9
Unarmed Combat | 3 |  3.0
Shapeshifting  | 3 4 5 7 |  7.3
Fighting       | 2 3 4 |  4.3
Armour         | 1 2 3 6 7 8 |  8.0
Short Blades   | 1 2 3 5 6 |  6.1

Action                     |  1- 3 |  4- 6 |  7- 9 | 10-12 || total
---------------------------+-------+-------+-------+-------++-------
  Melee: Unarmed           |    12 |       |       |       ||    12
         Dagger            |    57 |   215 |   310 |   413 ||   995
         Short sword       |    25 |     7 |       |       ||    32
  Throw: Dart              |       |       |       |    11 ||    11
  Evoke: Wand              |       |       |     7 |    12 ||    19
    Use: Scroll            |       |     7 |     5 |     5 ||    17
         Potion            |       |     3 |     3 |     4 ||    10
   Stab: Sleeping          |     4 |       |       |       ||     4
         Invisible         |       |       |     1 |       ||     1
 Armour: Animal skin       |    28 |       |       |       ||    28
         Ring mail         |     6 |    31 |   116 |   173 ||   326
         Skin              |       |    40 |     1 |    25 ||    66
  Dodge: Dodged            |    39 |    46 |    97 |   153 ||   335
  Block: Other             |       |    25 |    40 |    52 ||   117
         Reflection        |       |     2 |     3 |       ||     5

Table legend: (Time is in decaauts)
 A = Elapsed time spent in this place.
 B = Non-inter-level travel time spent in this place.
 C = Inter-level travel time spent in this place.
 D = Time resting spent in this place.
 E = Time spent auto-exploring this place.
 F = Levels seen in this place.
 G = Mean time per level.
                   A        B        C        D        E       F      G
               +--------+--------+--------+--------+--------+-----+--------+
         Total |   8996 |   8602 |    394 |   1408 |   5663 |  10 |  899.6 |
       Dungeon |   8996 |   8602 |    394 |   1408 |   5663 |  10 |  899.6 |
               +--------+--------+--------+--------+--------+-----+--------+

Top non-repeatable levels by time:
    D:10: 1772 daAuts
     D:8: 1730 daAuts
     D:2: 1219 daAuts
     D:4: 996 daAuts
     D:1: 962 daAuts
     D:6: 837 daAuts
     D:7: 752 daAuts
     D:5: 364 daAuts
     D:9: 261 daAuts
     D:3: 99 daAuts
